 Dungeon Crawl Stone Soup version 0.31-a0-232-gb1c03b2570 (webtiles) character file.

Game seed: 11830545588668188062

155 qw the Shooter (level 5, -1/30 HPs)
             Began as a Gargoyle Hexslinger on July 6, 2023.
             Slain by a black bear (6 damage)
             ... on level 4 of the Dungeon.
             The game lasted 00:01:04 (2570 turns).

qw the Shooter (Gargoyle Hexslinger)                Turns: 2570, Time: 00:01:04

Health: -1/30      AC: 12    Str: 11    XL:     5   Next: 37%
Magic:  6/6        EV: 10    Int: 14    God:
Gold:   214        SH:  0    Dex: 14    Spells: 5/6 levels left

rFire   . . .        Y - +1 sling
rCold   + . .        (no shield)
rNeg    + + .        d - +0 ring mail {rC+}
rPois   inf          (no helmet)
rElec   +            (no cloak)
rCorr   .            (no gloves)
SInv    .            l - +2 pair of boots {Fly}
Will    +....        (no amulet)
Stlth   +            h - ring of willpower
HPRegen 0.25/turn    c - ring of positive energy
MPRegen 0.10/turn

%: no passive effects
@: flying
A: sickness immunity, AC +4, negative energy resistance 1, electricity
resistance, torment resistance 1, petrification resistance
a: no special abilities


You were on level 4 of the Dungeon.
You visited 1 branch of the dungeon, and saw 4 of its levels.

You collected 214 gold pieces.


Innate Abilities, Weirdness & Mutations

You are immune to sickness and miasma.
Your stone body is resilient. (AC +4)
You are immune to poison.
You resist negative energy. (rN+)
You are resistant to electric shocks. (rElec)
You are resistant to unholy torment.
You are immune to petrification.


   Skills:
 + Level 2.0 Fighting
 - Level 5.0 Ranged Weapons
 - Level 1.0 Armour
 - Level 1.5 Dodging
 - Level 1.0 Spellcasting
 - Level 2.6 Hexes


You had 5 spell levels left.
You knew the following spells:

 Your Spells              Type           Power      Damage    Failure   Level
a - Slow                  Hex            32%        N/A       21%         1

Your spell library contained the following spells:

 Spells                   Type           Power      Damage    Failure   Level
 Inner Flame              Hex/Fire       4%         N/A       71%         3
 Portal Projectile        Hex/Tloc       8%         N/A       71%         3
 Cause Fear               Hex            4%         N/A       90%         4

Inventory:

Hand Weapons
 Y - a +1 sling (weapon)
Armour
 d - a +0 ring mail of cold resistance (worn)
 l - a +2 pair of boots of flying (worn)
Jewellery
 c - a ring of positive energy (right hand)
 h - a ring of willpower (left hand)
Scrolls
 j - 2 scrolls of identify
Potions
 a - a potion of enlightenment
 e - a potion of might
 f - a potion of curing {unknown}
 g - a potion of resistance {unknown}
 i - a potion of heal wounds
 m - a potion of berserk rage {unknown}

Dungeon Overview and Level Annotations

Branches:
Dungeon (4/15)
 Temple: D:4-7

Altars:

Shops:
D:1 [


Message History

The sling bullet barely misses the black bear.
The black bear bites you but does no damage.
The black bear claws you but does no damage.
The black bear claws you.
You shoot a sling bullet.
The sling bullet hits the black bear but does no damage.
The black bear is severely wounded.
The black bear bites you but does no damage.
The black bear misses you. The black bear barely misses you.
The black bear bites you.
The black bear claws you but does no damage. x2
You shoot a sling bullet. The sling bullet hits the black bear.
The black bear is almost dead.
The black bear bites you but does no damage.
The black bear claws you. The black bear closely misses you.
You shoot a sling bullet.
The sling bullet barely misses the black bear.
The black bear bites you but does no damage.
The black bear claws you but does no damage.
The black bear barely misses you.
You shoot a sling bullet. The sling bullet hits the black bear.
The black bear is almost dead.
The black bear goes berserk!
You shoot a sling bullet.
The sling bullet hits the black bear but does no damage.
The black bear is almost dead.
The black bear bites you.
The black bear claws you but does no damage.
The black bear claws you. The black bear closely misses you.
The black bear barely misses you.
The black bear claws you but does no damage.
You shoot a sling bullet.
The sling bullet hits the black bear but does no damage.
The black bear is almost dead.
The black bear closely misses you.
The black bear claws you but does no damage.
The black bear closely misses you.
The black bear bites you but does no damage.
The black bear claws you. x2
You die...

..#...).....'.......#...#
..#.........#.......#...#
.##.........#.......#...#
.##...##..###.......#..##
.#######..#......#'##.<.#
..........#......#......#
..........#......#.....##
..........#......+.........
..........#.....@#..........
###'#######.....h##....##...#
#.................###### ##+#
#.................+
#.............(...#
#.................#
#.................#
..................#
#####......###+#...


You could see a black bear (berserk).

Vanquished Creatures
  A phantom (D:4)
  An adder (D:2)
  A worm (D:3)
  A dart slug (D:1)
  An orc (D:3)
  4 ball pythons
  4 endoplasms
  4 giant cockroaches
  5 goblins
  4 hobgoblins
  9 jackals
  2 quokkas
  8 bats
  2 frilled lizards
  8 kobolds
  7 rats
62 creatures vanquished.

Notes
Turn   | Place    | Note
-------+----------+-------------------------------------------
     0 | D:1      | qw the Gargoyle Hexslinger began the quest for the Orb.
     0 | D:1      | Reached XP level 1. HP: 12/12 MP: 2/2
     0 | D:1      | 0 ||| qw: Version: 0.3-a-46-gb1f654a
     0 | D:1      | 0 ||| qw: Game counter: 2000
     0 | D:1      | 0 ||| qw: Melee chars always use a shield: true
     0 | D:1      | 0 ||| qw: God list: Okawaru
     0 | D:1      | 0 ||| qw: Allow faded altars: false
     0 | D:1      | 0 ||| qw: Do Orc after clearing Dungeon:15 true
     0 | D:1      | 0 ||| qw: Do second Lair branch before Depths: true
     0 | D:1      | 0 ||| qw: Lair rune preference: random
     0 | D:1      | 0 ||| qw: Goals: Normal
     0 | D:1      | 0 ||| PLANNING D:1-11
    23 | D:1      | HP: 3/12 [giant cockroach (1)]
   164 | D:1      | Reached XP level 2. HP: 16/16 MP: 3/3
   242 | D:1      | Reached skill level 3 in Ranged Weapons
   411 | D:1      | Found Jelap's Antique Armour Emporium.
   418 | D:1      | 418 ||| SHOPLISTING jewelled leather armour (196 gold, have
                  | 52).
   418 | D:1      | 418 ||| SHOPLISTING ring mail (112 gold, have 52).
   418 | D:1      | 418 ||| SHOPLISTING runed robe (103 gold, have 52).
   591 | D:1      | Reached XP level 3. HP: 21/21 MP: 4/4
   742 | D:1      | 742 ||| UPGRADING to +0 leather armour.
   752 | D:1      | 752 ||| DROPPING +0 robe.
   753 | D:1      | 753 ||| UPGRADING to ring of willpower.
   754 | D:1      | 754 ||| READING 3 scrolls labelled KEACHI XYMUNO.
   755 | D:1      | 755 ||| READING scroll labelled HUSIR SEPHOZXU.
   756 | D:1      | 756 ||| READING scroll labelled KEJUGE QY FEMI.
   757 | D:1      | 757 ||| DRINKING 2 black potions.
   758 | D:1      | 758 ||| DROPPING 2 scrolls of fog.
   759 | D:1      | 759 ||| DROPPING scroll of poison.
  1319 | D:2      | 1319 ||| UPGRADING to +0 ring mail.
  1329 | D:2      | 1329 ||| DROPPING +0 leather armour.
  1330 | D:2      | 1330 ||| UPGRADING to ring of positive energy.
  1331 | D:2      | 1331 ||| READING scroll labelled LALAUMATAO.
  1332 | D:2      | 1332 ||| READING scroll labelled NEMYGERELEI.
  1534 | D:2      | 1534 ||| READING scroll labelled DEIKUE ZAPE.
  1572 | D:3      | Reached XP level 4. HP: 23/26 MP: 5/5
  1695 | D:3      | Reached skill level 4 in Ranged Weapons
  1844 | D:3      | Reached skill level 1 in Armour
  2189 | D:3      | 2189 ||| UPGRADING to +0 ring mail of cold resistance.
  2199 | D:3      | 2199 ||| DROPPING +0 ring mail.
  2200 | D:3      | 2200 ||| UPGRADING to +2 pair of boots of flying.
  2205 | D:3      | 2205 ||| READING scroll labelled JOIXTO HEVES.
  2209 | D:3      | 2209 ||| DRINKING 2 puce potions.
  2210 | D:3      | 2210 ||| READING 2 scrolls of identify.
  2210 | D:3      | 2210 ||| IDENTIFYING bubbling puce potion
  2414 | D:4      | 2414 ||| PLANNING SEWER
  2515 | D:4      | Noticed a phantom
  2529 | D:4      | Killed a phantom
  2530 | D:4      | Reached skill level 5 in Ranged Weapons
  2530 | D:4      | Reached XP level 5. HP: 19/30 MP: 6/6
  2530 | D:4      | 2530 ||| FLEEEEING.
  2531 | D:4      | 2531 ||| FLEEEEING.
  2555 | D:4      | Noticed a black bear
  2570 | D:4      | HP: 5/30 [black bear (3)]
  2570 | D:4      | Slain by a black bear

Levels and vault maps discovered:
D:1:      saegor_arrival_simple_d, layout_loops_ring, serial_shops,
          nicolae_diamond_shop, amcnicky_mini_corridor_feature
D:2:      layout_basic
D:3:      layout_basic
D:4:      layout_gridville, cheibrodos_sewer_entry_bend

Skill      XL: |  1  2  3  4 |
---------------+-------------+-----
Ranged Weapons | 3 5 |  5.0
Fighting       | 2 |  2.0
Armour         | 1 |  1.0
Dodging        | |  1.5
Spellcasting   | |  1.0
Hexes          | |  2.6

Action                     |  1- 3 |  4- 6 || total
---------------------------+-------+-------++-------
   Fire: Sling             |   178 |   102 ||   280
    Use: Scroll            |     6 |     2 ||     8
         Potion            |     1 |     1 ||     2
 Armour: Robe              |    22 |       ||    22
         Leather armour    |    24 |       ||    24
         Ring mail         |    11 |    45 ||    56
  Dodge: Dodged            |    95 |    38 ||   133

Table legend:
 A = Non-vault XP
 B = Vault XP
 C = Vault XP percentage of total XP
 D = Non-vault monster count
 E = Vault monster count
 F = Vault count percentage of total count
                 A         B        C        D         E       F
            +---------+---------+-------+---------+---------+-------
      Total |     222 |       0 |   0.0 |      62 |       0 |   0.0
            +---------+---------+-------+---------+---------+-------
        D:1 |      37 |       0 |   0.0 |      22 |       0 |   0.0
        D:2 |      44 |       0 |   0.0 |      20 |       0 |   0.0
        D:3 |      31 |       0 |   0.0 |      15 |       0 |   0.0
        D:4 |     110 |       0 |   0.0 |       5 |       0 |   0.0
            +---------+---------+-------+---------+---------+-------
